 Dungeon Crawl Stone Soup version 0.28-a0-1638-g9123634e07 (webtiles) character file.

Game seed: 3481694591495499011

300 hashsling the Chiller (level 6, 0/44 HPs)
             Began as a Merfolk Ice Elementalist on Jan 25, 2022.
             Was an Initiate of Sif Muna.
             Slain by Menkaure (7 damage)
             ... on level 4 of the Dungeon.
             The game lasted 00:12:58 (4930 turns).

hashsling the Chiller (Merfolk Ice Elementalist)    Turns: 4930, Time: 00:12:59

Health: 0/44       AC: 10    Str:  8    XL:     6   Next: 36%
Magic:  9/9        EV: 13    Int: 17    God:    Sif Muna [......]
Gold:   38         SH:  0    Dex: 14    Spells: 2/9 levels left

rFire   . . .      SeeInvis .   f - +0 spear
rCold   + . .      Faith    .   (no shield)
rNeg    . . .      Spirit   .   h - +3 leather armour
rPois   .          Reflect  .   (no helmet)
rElec   .          Harm     .   (no cloak)
rCorr   .          Rampage  .   (no gloves)
Will    .....                   (no boots)
Stlth   +.........              (no amulet)
HPRegen 0.14/turn               d - ring of protection from cold
MPRegen 0.11/turn               (no ring)

@: confused, ice-armoured, ambrosia-drunk, freezing walls
A: (nimble swimmer 2), mertail
a: Renounce Religion


You were on level 4 of the Dungeon.
You worshipped Sif Muna.
Sif Muna was noncommittal.
You visited 1 branch of the dungeon, and saw 4 of its levels.

You collected 152 gold pieces.
You spent 114 gold pieces at shops.

Inventory:

Hand Weapons
 c - a +0 club
 f - a +0 spear (weapon)
Armour
 h - a +3 leather armour (worn)
Jewellery
 d - a ring of protection from cold (left hand)
Scrolls
 e - a scroll of blinking
 g - 2 scrolls of identify
 j - a scroll of magic mapping
 k - 2 scrolls of teleportation {unknown}
Potions
 a - a potion of brilliance
 b - a potion of curing


   Skills:
 + Level 2.2 Fighting
 * Level 4.2 Polearms
 + Level 4.3 Dodging
 - Level 3.0 Stealth
 - Level 2.0 Spellcasting
 * Level 5.9 Ice Magic


You had 2 spell levels left.
You knew the following spells:

 Your Spells              Type           Power      Damage    Failure   Level
a - Freeze                Ice            84%        1d10      2%          1
b - Frozen Ramparts       Ice            42%        1d6       8%          3
c - Ozocubu's Armour      Ice            21%        N/A       8%          3

Your spell library contained the following spells:

 Spells                   Type           Power      Damage    Failure   Level
 Hailstorm                Conj/Ice       11%        3d5       63%         4


Dungeon Overview and Level Annotations

Branches:
Dungeon (4/15)
 Temple: D:4-7

Altars:
Sif Muna
Zin

Shops:
D:1 :[*   D:3 ?

Annotations:
D:3 2 transporters, snaxamus's ghost, amateur DgGl
D:4 3 runed translucent doors, Menkaure; murtidash's ghost, novice DjIE


Innate Abilities, Weirdness & Mutations

((You are very nimble when in or above water. (Stealth+, EV+, Speed+++)))
Your lower body shifts to a powerful aquatic tail in water.


Message History

The wall freezes the water moccasin skeleton.
The water moccasin skeleton bites you but does no damage.
Menkaure resists.
The wall freezes Menkaure.
Menkaure completely misses you.
Reach: f) +0 spear
Press: ? - help, Dir - move target, f/p - Menkaure
Aim: Menkaure (heavily damaged, fast, about 23% to evade your +0 spear)
You hit Menkaure.
Menkaure is heavily damaged.
The water moccasin skeleton completely resists.
The wall freezes the water moccasin skeleton but does no damage.
The water moccasin skeleton bites you but does no damage.
The hound skeleton completely resists.
The wall freezes the hound skeleton but does no damage.
Menkaure completely resists.
The wall freezes Menkaure but does no damage.
Menkaure hits you but does no damage.
The water moccasin skeleton completely resists.
The wall freezes the water moccasin skeleton but does no damage.
The water moccasin skeleton bites you.
Reach: f) +0 spear
Press: ? - help, Dir - move target, f/p - Menkaure
Aim: Menkaure (heavily damaged, fast, about 23% to evade your +0 spear)
You hit Menkaure.
Menkaure is heavily damaged.
The hound skeleton completely resists.
The wall freezes the hound skeleton but does no damage.
Menkaure resists.
The wall freezes Menkaure.
Menkaure calls on the powers of darkness!
Your body is wracked with pain!
* * * LOW HITPOINT WARNING * * *
The water moccasin skeleton completely resists.
The wall freezes the water moccasin skeleton but does no damage.
The water moccasin skeleton bites you.
* * * LOW HITPOINT WARNING * * *
You are confused.
You feel invigorated.
The hound skeleton completely resists.
The wall freezes the hound skeleton but does no damage.
The hound skeleton bites you but does no damage.
Menkaure resists.
The wall freezes Menkaure.
Menkaure hits you!
You die...

.....M....#......
.#.#.#.#..#..$(...#...
.#........#.......#...
.#######..#.......#..
#..#(......#.
#..#....ZJ.#
#..#...cSWo# .#
#..###+++###...#
#.......M@Z....#
#.........Z...##
############..... ####


You could see Menkaure (fast), a centaur, an orc wizard, murtidash's ghost, an
endoplasm, a ball python, a water moccasin skeleton and 2 hound skeletons.

Vanquished Creatures
  A necrophage (D:4)
  A hound (D:3)
  An orc priest (D:3)
  2 orc wizards (D:3)
  4 adders (D:2)
  2 worms (D:2)
  6 dart slugs
  4 orcs (D:3)
  4 endoplasms
  2 giant cockroaches
  10 goblins
  4 hobgoblins
  4 jackals (D:1)
  2 quokkas
  4 ball pythons
  10 bats
  3 frilled lizards
  6 kobolds
  3 rats
73 creatures vanquished.

Notes
Turn   | Place    | Note
-------+----------+-------------------------------------------
     0 | D:1      | hashsling the Merfolk Ice Elementalist began the quest for
                  | the Orb.
     0 | D:1      | Reached XP level 1. HP: 13/13 MP: 3/3
   266 | D:1      | Found Pad Zyky's Book Shop.
   290 | D:1      | Reached XP level 2. HP: 17/20 MP: 3/5
   992 | D:1      | Found Vabbuso's Distillery.
  1037 | D:1      | Found Tatim's Assorted Antiques.
  1205 | D:1      | Reached XP level 3. HP: 22/25 MP: 6/6
  1239 | D:1      | Found a faded altar of an unknown god.
  1257 | D:1      | Reached skill level 1 in Fighting
  1296 | D:1      | Found Gahan's Antique Armour Shop.
  1739 | D:2      | Reached skill level 1 in Polearms
  1791 | D:2      | Reached skill level 5 in Ice Magic
  1825 | D:2      | Learned a level 3 spell: Frozen Ramparts
  2321 | D:2      | Reached XP level 4. HP: 18/32 MP: 3/7
  2778 | D:2      | Learned a level 3 spell: Ozocubu's Armour
  3639 | D:3      | Found Wuut Cirr's Magic Scroll Boutique.
  3661 | D:3      | Reached XP level 5. HP: 28/37 MP: 1/8
  3914 | D:3      | HP: 1/38 [orc priest/divine providence (14)]
  4419 | D:3      | Bought a scroll of identify for 24 gold pieces
  4419 | D:3      | Bought a scroll of magic mapping for 42 gold pieces
  4419 | D:3      | Bought a scroll of identify for 24 gold pieces
  4419 | D:3      | Bought a scroll of identify for 24 gold pieces
  4471 | D:3      | Found a glowing silver altar of Zin.
  4477 | D:3      | Found a shimmering blue altar of Sif Muna.
  4497 | D:3      | Became a worshipper of Sif Muna the Loreminder
  4582 | D:3      | Noticed an ogre
  4582 | D:3      | Noticed snaxamus's ghost (amateur DgGl)
  4583 | D:3      | Found a transporter.
  4583 | D:3      | Noticed an ogre
  4587 | D:3      | Found a transporter.
  4746 | D:4      | Noticed a necrophage
  4775 | D:4      | Killed a necrophage
  4776 | D:4      | Reached XP level 6. HP: 29/44 MP: 4/9
  4884 | D:4      | Noticed Menkaure
  4895 | D:4      | Noticed murtidash's ghost (novice DjIE)
  4899 | D:4      | Found a runed translucent gate.
  4899 | D:4      | Found a runed translucent gate.
  4899 | D:4      | Found a runed translucent gate.
  4930 | D:4      | Slain by Menkaure

Illustrated notes

Levels and vault maps discovered:
D:1:      dpeg_arrival_chambers_temple_mockup, layout_basic,
          hellmonk_ecumenical_altar_heavens_door, serial_shops, shop,
          nicolae_shop_stone, shop, nicolae_shop_trees,
          chequers_serial_rivers_micro_c
D:2:      layout_basic
D:3:      layout_rooms, mainiacjoe_overflow_large_starburst,
          gammafunk_ghost_smash, serial_shops, shop
D:4:      layout_loops_ring, enter_ossuary_1, gammafunk_ghost_split, uniq_pikel,
          uniq_menkaure

Skill      XL: |  1  2  3  4  5 |
---------------+----------------+-----
Dodging        | 3 4 |  4.3
Fighting       | 1 2 |  2.2
Polearms       | 1 2 4 |  4.2
Ice Magic      | 5 |  5.9
Stealth        | 3 |  3.0
Spellcasting   | |  2.0

Action                   |  1- 3 |  4- 6 || total
-------------------------+-------+-------++-------
Melee: Club              |    34 |       ||    34
       Spear             |    53 |   152 ||   205
       Punch             |     1 |       ||     1
 Cast: Freeze            |    32 |    17 ||    49
       Frozen Ramparts   |     2 |     3 ||     5
       Ozocubu's Armour  |       |     4 ||     4
  Use: Scroll            |       |     6 ||     6
       Potion            |       |     2 ||     2
 Stab: Sleeping          |     6 |     2 ||     8
Armor: Robe              |    17 |     1 ||    18
       Leather armour    |       |    48 ||    48
Dodge: Dodged            |    62 |    93 ||   155

Table legend: (Time is in decaauts)
 A = Elapsed time spent in this place.
 B = Non-inter-level travel time spent in this place.
 C = Inter-level travel time spent in this place.
 D = Time resting spent in this place.
 E = Time spent auto-exploring this place.
 F = Levels seen in this place.
 G = Mean time per level.
                   A        B        C        D        E       F      G
               +--------+--------+--------+--------+--------+-----+--------+
         Total |   4945 |   4868 |     77 |    426 |   3708 |   4 | 1236.2 |
       Dungeon |   4945 |   4868 |     77 |    426 |   3708 |   4 | 1236.2 |
               +--------+--------+--------+--------+--------+-----+--------+

Top non-repeatable levels by time:
     D:2: 1836 daAuts
     D:1: 1792 daAuts
     D:3: 1054 daAuts
     D:4: 262 daAuts
